 Dungeon Crawl Stone Soup version 0.31-a0-986-g5e6e4ef867 (webtiles) character file.

Game seed: 4332771025127915886

4786 javelincjr the Covert (level 10, 0/56 HPs)
             Began as an Octopode Conjurer on Nov 6, 2023.
             Was a Priest of Sif Muna.
             Killed by divine providence
             ... invoked by a meliai
              (11 damage)
             ... on level 8 of the Dungeon.
             The game lasted 00:42:45 (10138 turns).

javelincjr the Covert (Octopode Conjurer)          Turns: 10138, Time: 00:42:45

Health: 0/56       AC: 15    Str:  7    XL:     10   Next: 47%
Magic:  3/20       EV: 18    Int: 31    God:    Sif Muna [***...]
Gold:   395        SH:  5    Dex: 22    Spells: 6/23 levels left

rFire   . . .        u - +7 staff of the Meek {protect, meekguard}
rCold   + . .        (shield currently unavailable)
rNeg    . . .        (helmet restricted)
rPois   .            E - amulet of reflection
rElec   .            c - ring of flight
rCorr   .            h - +6 ring of dexterity
SInv    .            k - +6 ring of intelligence
Will    .....        s - +6 ring of dexterity
Stlth   ++++++       m - ring of protection from cold
HPRegen 0.29/turn    (no ring)
MPRegen 0.17/turn    (no ring)
                     (no ring)

%: reflection
@: under a protective aura, flying
A: almost no armour, amphibious, 8 rings, camouflage 1, gelatinous body 1,
(nimble swimmer 1), tentacles
a: Renounce Religion, Channel Magic, Forget Spell


You were on level 8 of the Dungeon.
You worshipped Sif Muna.
Sif Muna was most pleased with you.
You visited 2 branches of the dungeon, and saw 9 of its levels.

You collected 507 gold pieces.
You spent 112 gold pieces at shops.

Inventory:

Hand Weapons
 g - a +2 dagger of speed
 p - a +0 spear of pain
 u - the +7 staff of the Meek (weapon) {protect, meekguard}
   (You found it on level 5 of the Dungeon)
 y - a +5 flail of protection
Missiles
 x - 2 throwing nets
Armour
 z - an orb of light
Jewellery
 c - a ring of flight (left tentacle)
 h - a +6 ring of dexterity (right tentacle)
 k - a +6 ring of intelligence (on tentacle)
 l - an amulet of faith
 m - a ring of protection from cold (on tentacle)
 s - a +6 ring of dexterity (on tentacle)
 E - an amulet of reflection (around mantle)
Wands
 i - a wand of flame (54)
 C - a wand of acid (9)
 D - a wand of digging (6)
Scrolls
 d - a scroll of poison {unknown}
 e - 2 scrolls of enchant armour
 n - a scroll of fear {unknown}
 o - a scroll of vulnerability {unknown}
 q - 2 scrolls of immolation {unknown}
 r - 6 scrolls of revelation {unknown}
 w - a scroll of noise {unknown}
Potions
 a - a potion of magic
 b - 2 potions of lignification
 f - 2 potions of brilliance
 j - a potion of attraction
 t - 3 potions of curing
 v - a potion of invisibility {unknown}
 A - 2 potions of degeneration


   Skills:
 + Level 4.3 Staves
 + Level 6.4 Dodging
 + Level 9.0 Stealth
 * Level 7.2 Spellcasting
 * Level 8.7 Conjurations
 + Level 4.4 Invocations


You had 6 spell levels left.
You knew the following spells:

 Your Spells              Type           Power      Damage    Failure   Level
a - Magic Dart            Conj           100%       1d8       1%          1
b - Searing Ray           Conj           100%       2d8       1%          2
c - Dazzling Flash        Conj/Hex       76%        N/A       2%          3
d - Stone Arrow           Conj/Erth      76%        3d11      2%          3
e - Fulminant Prism       Conj/Hex       19%        3d10      8%          4
f - Iskenderun's Mystic   Conj/Tloc      38%        2d9       8%          4

Your spell library contained the following spells:

 Spells                   Type           Power      Damage    Failure   Level
 Sandblast                Erth           22%        2d7       4%          1
 Cigotuvi's Dreadful Rot  Necr/Pois/Air  22%        N/A       7%          2
 Lesser Beckoning         Tloc           22%        N/A       7%          2
 Passwall                 Tmut/Erth      9%         N/A       7%          2
 Brom's Barrelling Bould  Conj/Erth      38%        2d6       8%          4
 Gell's Gravitas          Tloc           11%        N/A       13%         3
 Teleport Other           Tloc           11%        N/A       13%         3
 Dispel Undead            Necr           11%        3d9       41%         4
 Death Channel            Necr           5%         N/A       100%        6
 Dispersal                Tloc           5%         N/A       100%        6


Dungeon Overview and Level Annotations

Branches:
Dungeon (8/15)             Temple (1/1) D:4
   Lair: D:8-11

Altars:
Dithmenos
Elyvilon
Fedhas
Gozag
Hepliaklqana
Kikubaaqudgha
Makhleb
Nemelex Xobeh
Okawaru
Ru
Sif Muna
Trog
Uskayaw
Vehumet
Wu Jian
Xom
Yredelemnul
Zin

Shops:
D:6 ?


Innate Abilities, Weirdness & Mutations

You cannot wear most types of armour.
You are amphibious.
You can wear up to eight rings at the same time.
Your skin changes colour to match your surroundings (Stealth+).
Your rubbery body absorbs attacks. (AC +1, EV +1)
((You are camouflaged when in or above water. (Stealth+)))
You have tentacles for arms and can constrict up to eight enemies at once.


Message History

You hear an angry buzzing noise.
You hear a croak.
You hear a shout! x3
Casting: Fulminant Prism (dangerous; 8% risk of failure)
Confirm with . or Enter, or press ? or * to list all spells.
Aiming: Fulminant Prism (dangerous; 8% risk of failure)
Press: ? - help, Dir - move target You conjure a prism of explosive energy!
A fulminant prism comes into view.
Your fulminant prism crackles loudly.
The skeletal warrior hits your fulminant prism with a +0 mace!!
Your fulminant prism explodes!
The blast of energy engulfs the skeletal warrior!!
The skeletal warrior is moderately damaged.
You hear an angry buzzing noise.
The meliai invokes the aid of its god against you.
Something smites you! You block the meliai's attack.
The meliai closely misses you. The meliai hits you with a +0 hand axe!
You block the meliai's attack.
You hit the meliai.
Your weapon exudes an aura of protection.
You grab the meliai.
The meliai is lightly wounded.
You constrict the meliai, but do no damage.
You block the meliai's attack. The meliai misses you.
The meliai hits you with a +0 hand axe!
* * * LOW HITPOINT WARNING * * *
The meliai stings you but does no damage.
You hit the meliai.
The meliai is moderately wounded.
You constrict the meliai. The meliai closely misses you. The meliai stings you.
* * * LOW HITPOINT WARNING * * *
The meliai hits you with a +0 hand axe.
* * * LOW HITPOINT WARNING * * *
The meliai stings you.
* * * LOW HITPOINT WARNING * * *
You are lethally poisoned!
The meliai poisons you!
You feel better.
You constrict the meliai.
The meliai calls down the wrath of its god upon you.
Something smites you!
You die...

.....#.# #.#####.####
#..#.#.# #.#........#
##.....# ##.#.###.##.#
.##y... .... #.##.#
..#..#######.## #.##.##
#.#.z.........####.#.#.###
..................#.###..#
#.#..##.###...####.#.#.#.#
..#..##.# #...zy@..##.##.#
.##.ยง##.#
#...#######.##.# ##...##.#
###.# ##.##.# #.......#
#.# #..##.# ..#..#### #.#
#.###.# #....# #.# #.# #.#
##...# #z# #.# #.# ##..#
#.# #.# #.# #..########.#
#.# #.#


You could see a skeletal warrior and a meliai.

Vanquished Creatures
  A centaur warrior (D:8)
  A two-headed ogre (D:7)
  A wyvern (D:7)
  A yak (D:8)
  A steam dragon (D:7)
  Edmund (D:5)
  A vampire mosquito (D:8)
  Menkaure (D:5)
  A water moccasin (D:6)
  A sky beast (D:7)
  2 orc warriors (D:8)
  2 black bears
  4 ogres
  A centaur (D:6)
  2 phantoms (D:5)
  3 bullfrogs
  Blork the orc (D:6)
  3 scorpions
  4 killer bees (D:6)
  A jelly (D:6)
  3 iron imps (D:5)
  A gnoll bouda (D:8)
  3 hounds
  3 orc priests
  Jessica (D:2)
  A sleepcap (D:6)
  2 iguanas
  7 orc wizards
  A statue (D:7)
  19 gnolls
  9 adders
  A white imp (D:7)
  2 worms
  3 dart slugs (D:1)
  23 orcs
  6 endoplasms
  5 giant cockroaches
  29 goblins
  38 hobgoblins
  13 kobolds
  2 quokkas
  12 ball pythons
  7 bats
  A frilled lizard (D:3)
  2 rats (D:1)
227 creatures vanquished.

Vanquished Creatures (others)
  11 fulminant prisms
11 creatures vanquished.

Grand Total: 238 creatures vanquished

Notes
Turn   | Place    | Note
-------+----------+-------------------------------------------
     0 | D:1      | javelincjr the Octopode Conjurer began the quest for the
                  | Orb.
     0 | D:1      | Reached XP level 1. HP: 11/11 MP: 3/3
   222 | D:1      | Reached skill level 3 in Stealth
   222 | D:1      | Reached XP level 2. HP: 14/17 MP: 1/5
   710 | D:1      | Reached XP level 3. HP: 21/21 MP: 4/6
  1617 | D:2      | Noticed Jessica
  1622 | D:2      | Learned a level 2 spell: Searing Ray
  1630 | D:2      | Killed Jessica
  1631 | D:2      | Reached XP level 4. HP: 27/27 MP: 0/8
  2359 | D:3      | Reached skill level 4 in Stealth
  2506 | D:3      | Reached XP level 5. HP: 27/31 MP: 3/9
  3357 | D:4      | Reached XP level 6. HP: 30/36 MP: 2/10
  3359 | D:4      | Reached skill level 5 in Conjurations
  3620 | D:4      | You are sucked into a shaft and drop 3 floors!
  3635 | D:7      | Noticed a steam dragon
  3689 | D:7      | Found an ornate altar of the Wu Jian Council.
  3802 | D:5      | Entered Level 5 of the Dungeon
  3802 | D:5      | Noticed Edmund
  3812 | D:6      | Reached skill level 5 in Stealth
  3844 | D:5      | Found the +7 staff of the Meek {protect, meekguard}
  3844 | D:5      | Found a basalt altar of Yredelemnul.
  3962 | D:5      | Found a shadowy altar of Dithmenos.
  4177 | D:4      | Learned a level 3 spell: Dazzling Flash
  4307 | D:4      | Reached XP level 7. HP: 41/41 MP: 8/12
  4342 | D:4      | Found an ancient bone altar of Kikubaaqudgha.
  4483 | D:4      | Reached skill level 6 in Stealth
  4568 | D:4      | Found a staircase to the Ecumenical Temple.
  4576 | Temple   | Entered the Ecumenical Temple
  4895 | D:4      | Found a shimmering blue altar of Sif Muna.
  4903 | D:4      | Became a worshipper of Sif Muna the Loreminder
  5449 | D:4      | Reached * piety under Sif Muna
  5450 | D:4      | Reached XP level 8. HP: 40/46 MP: 4/14
  5723 | D:4      | Reached skill level 1 in Staves
  5723 | D:4      | Reached skill level 1 in Invocations
  5772 | D:4      | Reached ** piety under Sif Muna
  6223 | D:5      | Noticed Menkaure
  6230 | D:5      | Killed Menkaure
  6317 | D:5      | Killed Edmund
  6422 | D:5      | Reached skill level 7 in Stealth
  6422 | D:5      | Reached skill level 5 in Spellcasting
  6490 | D:5      | Found a burning altar of Makhleb.
  6608 | D:5      | Found a sacrificial altar of Ru.
  6617 | D:5      | Reached skill level 5 in Dodging
  6804 | D:5      | Learned a level 3 spell: Stone Arrow
  7192 | D:6      | Found a hide-covered altar of Uskayaw.
  7254 | D:6      | Reached XP level 9. HP: 42/51 MP: 2/17
  7636 | D:6      | Noticed Blork the orc
  7750 | D:6      | Found a shimmering altar of Xom.
  7756 | D:6      | Killed Blork the orc
  7822 | D:6      | Found Zeoroonny's Magic Scroll Emporium.
  7835 | D:6      | Bought a scroll of blinking for 112 gold pieces
  8092 | D:6      | Learned a level 4 spell: Fulminant Prism
  8097 | D:6      | Learned a level 4 spell: Iskenderun's Mystic Blast
  8400 | D:7      | Reached skill level 8 in Stealth
  8690 | D:7      | Found a radiant altar of Vehumet.
  8805 | D:7      | Noticed a two-headed ogre
  8828 | D:7      | Killed a two-headed ogre
  8829 | D:7      | Reached XP level 10. HP: 16/56 MP: 0/20
  9285 | D:8      | Reached *** piety under Sif Muna
  9860 | D:8      | Noticed a centaur warrior
  9861 | D:8      | Noticed a skeletal warrior
  9861 | D:8      | Noticed a centaur warrior
  9870 | D:8      | Killed a centaur warrior
 10097 | D:8      | Identified the +2 trident "Aclan" {holy, *Noise rF++ Dex+3
                  | Stlth+}
 10111 | D:8      | Reached skill level 9 in Stealth
 10137 | D:8      | HP: 2/56 [meliai/+0 hand axe (2)]
 10138 | D:8      | Killed from afar by a meliai

Illustrated notes

Levels and vault maps discovered:
D:1:      dpeg_arrival_oval, layout_loops_ring
D:2:      layout_loops_ring, nicolae_titane, uniq_jessica
D:3:      layout_loops_ring
D:4:      minmay_goblin_kobold_castle, layout_rooms,
          mainiacjoe_overflow_six_doors_small, tgw_sif,
          minmay_temple_entry_steel_oval
D:5:      layout_rooms, grunt_dithmenos_smoke, nicolae_ru_awakened_eye,
          mainiacjoe_overflow_brackets, demons_altar, minivault_26,
          grunt_ministairs_10, bh_walls_and_bars, uniq_menkaure, uniq_edmund
D:6:      layout_loops_cross, mainiacjoe_overflow_surrounded_room,
          eat_drink_and_be_merry_uskayaw, serial_shops, nicolae_square_shop,
          uniq_blork_the_orc
D:7:      layout_rooms, vehumet_statue, nicolae_wu_jian_wuxing_cycle
D:8:      minmay_the_grid_octo_2x2 [minmay_the_grid_octo_fat_diamond,
          minmay_the_grid_octo_fan_narrow, minmay_the_grid_octo_tetromino_candy,
          minmay_the_grid_octo_prize_ultimate_mussel_roller], layout_loops_ring,
          chequers_serial_rivers_small_b
Temple:   hellmonk_temple_micro_hex

Skill      XL: |  1  2  3  4  5  6  7  8  9 10 |
---------------+-------------------------------+-----
Stealth        | 3 4 5 6 7 8 9 |  9.0
Dodging        | 3 4 5 6 |  6.4
Spellcasting   | 3 4 5 6 7 |  7.2
Conjurations   | 5 6 8 |  8.7
Staves         | 2 3 4 |  4.3
Invocations    | 2 3 4 |  4.4

Action                     |  1- 3 |  4- 6 |  7- 9 | 10-12 || total
---------------------------+-------+-------+-------+-------++-------
  Melee: Unarmed           |    13 |     1 |       |       ||    14
         Constrict         |     4 |     6 |     7 |     4 ||    21
         Punch             |     2 |       |       |       ||     2
         Tentacles         |     1 |     5 |     8 |     3 ||    17
         Spear             |       |    19 |       |       ||    19
         Quarterstaff      |       |     1 |    28 |    10 ||    39
   Cast: Magic Dart        |    72 |    80 |   134 |     9 ||   295
         Searing Ray       |     1 |    14 |    26 |     4 ||    45
         Stone Arrow       |       |       |    32 |    23 ||    55
         Fulminant Prism   |       |       |     7 |     4 ||    11
         Iskenderun's Myst |       |       |       |     2 ||     2
 Invoke: Channel Magic     |       |       |     1 |       ||     1
    Use: Scroll            |       |       |     6 |     2 ||     8
         Potion            |       |       |     2 |     1 ||     3
   Stab: Sleeping          |       |     2 |     1 |       ||     3
 Armour: Skin              |    11 |    13 |    49 |    14 ||    87
  Dodge: Dodged            |    16 |    20 |    94 |    10 ||   140
  Block: Other             |       |       |       |     9 ||     9
         Reflection        |       |       |       |     4 ||     4

Table legend: (Time is in decaauts)
 A = Elapsed time spent in this place.
 B = Non-inter-level travel time spent in this place.
 C = Inter-level travel time spent in this place.
 D = Time resting spent in this place.
 E = Time spent auto-exploring this place.
 F = Levels seen in this place.
 G = Mean time per level.
                   A        B        C        D        E       F      G
               +--------+--------+--------+--------+--------+-----+--------+
         Total |  10147 |  10013 |    134 |   1130 |   7032 |   9 | 1127.4 |
       Dungeon |  10133 |   9999 |    134 |   1130 |   7032 |   8 | 1266.6 |
        Temple |     13 |     13 |      0 |      0 |      0 |   1 |   13.0 |
               +--------+--------+--------+--------+--------+-----+--------+

Top non-repeatable levels by time:
     D:4: 2482 daAuts
     D:6: 1348 daAuts
     D:1: 1240 daAuts
     D:5: 1236 daAuts
     D:7: 1053 daAuts
     D:2: 1049 daAuts
     D:8: 900 daAuts
     D:3: 821 daAuts
  Temple: 13 daAuts
